 Dungeon Crawl Stone Soup version 0.29.1-1-gd02db6906a (webtiles) character file.

Game seed: 11273331479292012066

49 styxcanada the Sneak (level 3, 0/18 HPs)
             Began as a Spriggan Brigand on Oct 20, 2022.
             Splashed by a jelly's acid (6 damage)
             ... on level 2 of the Dungeon.
             The game lasted 00:05:48 (1474 turns).

styxcanada the Sneak (Spriggan Brigand)             Turns: 1474, Time: 00:05:49

Health: 0/18       AC: -1    Str:  7    XL:     3   Next: 53%
Magic:  2/4        EV: 17    Int: 12    God:
Gold:   112        SH:  0    Dex: 18    Spells: 1/2 levels left

rFire   . . .      SeeInvis +   a - +2 dagger
rCold   . . .      Faith    .   (no shield)
rNeg    . . .      Spirit   .   b - +0 robe
rPois   .          Reflect  .   (helmet restricted)
rElec   .          Harm     .   c - +0 cloak
rCorr   .          Rampage  .   (gloves unavailable)
Will    .....                   (boots unavailable)
Stlth   ++++......              (no amulet)
HPRegen 0.06/turn               (no ring)
MPRegen 0.09/turn               (no ring)

@: corroded, very quick
A: very small, no large weapons, unfitting armour, see invisible, speed 3
a: no special abilities


You were on level 2 of the Dungeon.
You visited 1 branch of the dungeon, and saw 2 of its levels.

You collected 112 gold pieces.

Inventory:

Hand Weapons
 a - a +2 dagger (weapon)
 e - a +0 dagger of electrocution
Missiles
 d - 6 poisoned darts
 f - 24 stones (quivered)
 m - 5 boomerangs
Armour
 b - a +0 robe (worn)
 c - a +0 cloak (worn)
Scrolls
 h - a scroll of teleportation {unknown}
 i - a scroll of enchant weapon {unknown}
 k - a scroll of enchant armour {unknown}
 l - a scroll of identify {unknown}
 n - a scroll of magic mapping {unknown}
Potions
 j - a potion of heal wounds {unknown}


   Skills:
 * Level 1.8 Fighting
 + Level 2.3 Short Blades
 + Level 2.1 Throwing
 * Level 1.7 Dodging
 * Level 7.3 Stealth
 * Level 0.2 Spellcasting
 * Level 0.2 Conjurations
 * Level 0.1 Air Magic


You had one spell level left.
You knew the following spells:

 Your Spells              Type           Power      Damage    Failure   Level
a - Shock                 Conj/Air       0%         1d3       30%         1

Your spell library contained the following spells:

 Spells                   Type           Power      Damage    Failure   Level
 Swiftness                Air            0%         N/A       67%         3
 Airstrike                Air            0%         2d(0-16)  97%         4


Dungeon Overview and Level Annotations

Branches:
Dungeon (2/15)

Altars:

Shops:
D:1 (


Innate Abilities, Weirdness & Mutations

You are very small and have problems with some larger weapons.
You are too small for most types of armour.
You have supernaturally acute eyesight. (SInv)
You cover ground extremely quickly. (Speed+++)


Message History

You barely miss the endoplasm. The endoplasm closely misses you.
There is an open door here.
You see here a +0 dagger.
You aren't carrying any items that you can evoke.
You hit the endoplasm.
The endoplasm is almost dead.
The endoplasm barely misses you.
You completely miss the endoplasm.
The endoplasm is almost dead.
The endoplasm closely misses you.
You hit the endoplasm.
You kill the endoplasm!
Casting: Shock (safe; 30% risk of failure)
Confirm with . or Enter, or press ? or * to list all spells.
Aiming: Shock (safe; 30% risk of failure)
Press: ? - help, Shift-Dir - straight line The zap hits the jelly.
The jelly is lightly wounded.
The zap hits the jelly.
The jelly is moderately wounded.
Unknown command.
Casting: Shock (safe; 30% risk of failure)
Confirm with . or Enter, or press ? or * to list all spells.
Aiming: Shock (safe; 30% risk of failure)
Press: ? - help, Shift-Dir - straight line The zap hits the jelly.
The jelly is moderately wounded.
You hit the jelly.
Your hands burn!
The jelly is heavily wounded.
You hit the jelly but do no damage.
Your hands burn!
The jelly is heavily wounded.
The jelly closely misses you.
You hit the jelly. The acid corrodes you!
Your hands burn!
The jelly is severely wounded.
The jelly barely misses you.
You completely miss the jelly.
The jelly is severely wounded.
The jelly hits you.
You are splashed with acid.
You die...

####'##......# ##.........###...
.....##......# ##.......#.#.....
#######......# #...####.#.###.).
#######......# #...####.#.#...#.
.............# #...##...)...#.#.
#.############ ###..#.#.........
#.....# ##..>......####
...##.############ #######..)#
...##.##!.J..J##@####### #...##
...##.##÷.....#J#.#....###....+
......##÷J..÷.#J#.#.....##...##
......##.PPJ..#J#'#..[...'...##+#
########..÷...#.#........'.......
#....P.#.#........'.......
#.J...J#)#.......##.......
#÷÷PP..'##......####......
#JJJ÷.J########## #......


You could see 2 jellies and an endoplasm.

Vanquished Creatures
  2 adders (D:2)
  A dart slug (D:1)
  A ball python (D:2)
  2 endoplasms (D:2)
  A giant cockroach (D:1)
  3 goblins
  3 hobgoblins
  2 quokkas (D:1)
  2 bats
  A frilled lizard (D:1)
  8 kobolds
  2 rats
28 creatures vanquished.

Vanquished Creatures (others)
  12 toadstools (D:2)
12 creatures vanquished.

Grand Total: 40 creatures vanquished

Notes
Turn   | Place    | Note
-------+----------+-------------------------------------------
     0 | D:1      | styxcanada the Spriggan Brigand began the quest for the
                  | Orb.
     0 | D:1      | Reached XP level 1. HP: 10/10 MP: 2/2
    99 | D:1      | Reached skill level 6 in Stealth
   155 | D:1      | Found Uwenlailen's Antique Weapon Shoppe.
   183 | D:1      | You fall into a shaft and drop 1 floor!
   233 | D:1      | Reached XP level 2. HP: 14/14 MP: 3/3
   978 | D:2      | Reached skill level 7 in Stealth
  1039 | D:2      | Learned a level 1 spell: Shock
  1105 | D:2      | Reached XP level 3. HP: 18/18 MP: 4/4
  1474 | D:2      | Splashed by a jelly's acid

Illustrated notes

Levels and vault maps discovered:
D:1:      kilobyte_arrival_exit_the_forest, layout_loops_ring, serial_shops,
          shop, ebering_dispersal_statue_hall
D:2:      cheibrodos_fertilizer, layout_basic, kennysheep_generic_room_10,
          uniq_terence, uniq_crazy_yiuf_cottage

Skill      XL: |  1  2 |
---------------+-------+-----
Stealth        | 6 7 |  7.3
Fighting       | |  1.8
Short Blades   | |  2.3
Throwing       | |  2.1
Dodging        | |  1.7
Spellcasting   | |  0.2
Conjurations   | |  0.2
Air Magic      | |  0.1

Action                   || total
-------------------------++-------
Melee: Dagger            ||    60
       Punch             ||     1
Throw: Dart              ||    24
       Stone             ||     1
 Cast: Shock             ||     2
  Use: Scroll            ||     1
 Stab: Sleeping          ||    11
Armor: Robe              ||     6
Dodge: Dodged            ||    34
